 Dungeon Crawl Stone Soup version 0.31-a0-354-g827e0957a7 (webtiles) character file.

Game seed: 4824515623327785183

8807 Dordric the Brawler (level 11, -4/133 HPs)
             Began as a Troll Shapeshifter on July 24, 2023.
             Was a High Priest of Okawaru.
             Slain by a vampire mosquito (6 damage)
             ... on level 11 of the Dungeon.
             The game lasted 00:09:47 (8608 turns).

Dordric the Brawler (Troll Shapeshifter)            Turns: 8608, Time: 00:09:48

Health: -4/133     AC: 21    Str: 25    XL:     11   Next: 14%
Magic:  10/10      EV:  1    Int:  4    God:    Okawaru [*****.]
Gold:   454        SH:  0    Dex: 14    Spells: 10/10 levels left

rFire   . .          .
                       - Unarmed
rCold   . . .        (no shield)
rNeg    . . .        w - melded +2 robe {Will+}
rPois   +            (helmet currently unavailable)
rElec   .            k - melded +0 cloak
rCorr   .            (gloves unavailable)
SInv    +            (boots unavailable)
Will    .....        (no amulet)
Stlth   +            B - ring of see invisible
HPRegen 1.22/turn    u - ring of poison resistance
MPRegen 0.12/turn

%: no passive effects
@: tree-form, corroded
A: stationary, stasis, torment immunity, boosted hp, large, unfitting armour,
(claws 3), regeneration 1, (shaggy fur 1), (tough skin 1)
a: Renounce Religion, Heroism, Finesse, Duel


You were on level 11 of the Dungeon.
You worshipped Okawaru.
Okawaru was extremely pleased with you.
You were a tree.
You visited 1 branch of the dungeon, and saw 11 of its levels.

You collected 454 gold pieces.

Inventory:

Missiles
 A - 2 throwing nets
Armour
 a - a +0 animal skin
 k - a +0 cloak (melded)
 w - a +2 robe of willpower (melded)
Jewellery
 h - a ring of magical power
 u - a ring of poison resistance (right branch)
 B - a ring of see invisible (left branch)
Talismans
 c - a beast talisman
Wands
 o - a wand of mindburst (35)
 t - a wand of polymorph (9)
 v - a wand of light (9)
 x - a wand of digging (6)
Scrolls
 e - a scroll of vulnerability
 i - a scroll of enchant weapon {unknown}
 j - 6 scrolls of teleportation
 l - 4 scrolls of enchant armour
 m - a scroll of noise
 p - 2 scrolls of poison
 r - a scroll of immolation {unknown}
 y - 2 scrolls of fog
 z - 3 scrolls of fear
 E - 2 scrolls of amnesia
 G - a scroll of torment {unknown}
Potions
 d - a potion of berserk rage {unknown}
 f - a potion of brilliance {unknown}
 g - 3 potions of degeneration {unknown}
 n - 3 potions of curing
 q - a potion of mutation {unknown}
 s - a potion of heal wounds {unknown}
 D - 2 potions of enlightenment {unknown}
 F - a potion of haste {unknown}


   Skills:
 - Level 0.7 Fighting
 - Level 1.5 Dodging
 + Level 17.2 Unarmed Combat
 - Level 3.0 Shapeshifting


You had 10 spell levels left.
You didn't know any spells.
Your spell library contained the following spells:

 Spells                   Type           Power      Damage    Failure   Level
 Sting                    Tmut/Pois      0%         1d3       50%         1
 Poisonous Vapours        Pois/Air       0%         N/A       65%         2
 Sublimation of Blood     Necr           0%         N/A       65%         2
 Wereblood                Tmut           0%         N/A       65%         2
 Ozocubu's Armour         Ice            0%         N/A       86%         3
 Olgreb's Toxic Radiance  Pois           0%         N/A       99%         4
 Irradiate                Conj/Tmut      0%         3d11      100%        5
 Ozocubu's Refrigeration  Ice            0%         4d7       100%        7
 Summon Hydra             Summ           Unusable   N/A       N/A         7

Dungeon Overview and Level Annotations

Branches:
Dungeon (11/15)            Temple (0/1) D:5            Lair (0/5) D:9
    Orc (0/2) D:10

Altars:
Ashenzari
Cheibriados
Dithmenos
Fedhas
Hepliaklqana
Okawaru
Sif Muna
Trog
Uskayaw
Vehumet
Wu Jian
Xom
The Shining One
Jiyva

Shops:
D:4 (   D:7 =

Annotations:
D:9 3 runed translucent doors, Palms's ghost, novice DgFE
D:11 1 runed translucent door, Bediveer's ghost, journeyman DrSh; Harold


Innate Abilities, Weirdness & Mutations

You are a tree.
Your roots penetrate the ground, keeping you stationary.
You cannot be teleported.
You are immune to unholy pain and torment.
Your maximum health is greatly increased.
Your equipment is partially melded.
You are too large for most types of armour.
((You have claws for hands.))
Your natural rate of healing is unusually fast.
((You are covered in fur. (AC +1)))
((You have tough skin. (AC +1)))


Message History

Your transformation has ended.
Your +0 cloak unmelds from your body.
You turn into a tree.
Your +0 cloak melds into your body.
Your +2 robe of willpower melds into your body.
You feel less strong-willed.
Your roots penetrate the ground.
The sentinel's mark upon you fades away.
The vampire mosquito bites you.
* * * LOW HITPOINT WARNING * * *
The vampire mosquito draws strength from your injuries!
The vampire mosquito barely misses you. The vampire mosquito bites you.
* * * LOW HITPOINT WARNING * * *
The vampire mosquito draws strength from your injuries!
The acid dragon bites you.
* * * LOW HITPOINT WARNING * * *
The acid dragon claws you but does no damage.
Harold thinks, and says "Perhaps I'll take up model-building after I'm done here..."
The vampire mosquito bites you.
* * * LOW HITPOINT WARNING * * *
The vampire mosquito draws strength from your injuries!
The vampire mosquito bites you but does no damage. x2
As you read the scroll of fear, it crumbles to dust.
You assume a fearsome visage.
Harold looks frightened!
The killer bee looks frightened! x6; The acid dragon looks frightened!
The vampire mosquito is unaffected. x4
A hornet comes into view.
The vampire mosquito bites you but does no damage.
The vampire mosquito bites you.
* * * LOW HITPOINT WARNING * * *
The vampire mosquito draws strength from your injuries!
The vampire mosquito bites you but does no damage.
Cornered, the killer bee turns to fight! x5
The hornet moves out of view.
It was a potion of curing.
You feel better. The vampire mosquito bites you!
* * * LOW HITPOINT WARNING * * *
The vampire mosquito draws strength from your injuries!
The vampire mosquito bites you but does no damage. x3
Cornered, the acid dragon turns to fight!
The vampire mosquito bites you but does no damage.
The vampire mosquito bites you.
You die...

##################
.................#
.................#
.................#
.................#
.................#
.......>.......yy#
............@.yy♣#
################D#
#y# #y# #y# #y#
#y# #########.#
..........#


You could see Harold (fleeing), an acid dragon, 4 vampire mosquitoes and 5
killer bees.

Vanquished Creatures
  Erolcha (D:9)
  Joseph (D:7)
  4 kobold demonologists (D:9)
  Eustachio (D:6)
  A wraith (D:10)
  A shadow (D:9)
  10 yaks
  3 wargs (D:9)
  Menkaure (D:6)
  3 water moccasins
  Duvessa (D:5)
  An acid dragon (D:11)
  3 orc warriors
  A black bear (D:5)
  2 ice beasts
  3 sky beasts
  2 ogres
  3 centaurs
  2 bullfrogs
  A kobold brigand (D:9)
  Blork the orc (D:5)
  A gnoll sergeant (D:8)
  4 scorpions
  9 wights
  Dowan (D:5)
  12 killer bees
  3 howler monkeys (D:8)
  2 jellies (D:5)
  3 hounds
  A gnoll bouda (D:6)
  7 orc priests
  Crazy Yiuf (D:2)
  An iguana (D:5)
  Jessica (D:2)
  2 sleepcaps
  7 orc wizards
  Ijyb (D:5)
  Terence (D:2)
  10 gnolls
  10 adders
  2 ufetubi
  A worm (D:2)
  3 dart slugs
  29 orcs
  5 endoplasms
  A giant cockroach (D:2)
  13 goblins
  8 hobgoblins
  7 jackals
  3 quokkas
  5 ball pythons
  2 bats
  2 frilled lizards
  12 kobolds
  7 rats
223 creatures vanquished.

Notes
Turn   | Place    | Note
-------+----------+-------------------------------------------
     0 | D:1      | Dordric the Troll Shapeshifter began the quest for the Orb.
     0 | D:1      | Reached XP level 1. HP: 18/18 MP: 0/0
    82 | D:1      | Reached XP level 2. HP: 22/26 MP: 1/1
   231 | D:1      | Reached skill level 4 in Unarmed Combat
   604 | D:2      | Reached XP level 3. HP: 32/32 MP: 2/2
   860 | D:2      | Noticed Terence
   867 | D:2      | Killed Terence
   868 | D:2      | Reached skill level 5 in Unarmed Combat
   868 | D:2      | Reached XP level 4. HP: 30/40 MP: 3/3
  1025 | D:2      | Found a runed translucent door.
  1026 | D:2      | Noticed Crazy Yiuf
  1191 | D:2      | Noticed Jessica
  1196 | D:2      | Killed Jessica
  1305 | D:2      | Killed Crazy Yiuf
  1306 | D:2      | Reached XP level 5. HP: 37/46 MP: 4/4
  1472 | D:3      | Reached skill level 6 in Unarmed Combat
  1992 | D:4      | Found Ceriwimm's Weapon Boutique.
  2092 | D:4      | Found a blossoming altar of Fedhas.
  2119 | D:4      | Found a radiant altar of Vehumet.
  2197 | D:4      | Reached XP level 6. HP: 35/54 MP: 5/5
  2397 | D:4      | Found a hide-covered altar of Uskayaw.
  2439 | D:4      | Reached skill level 7 in Unarmed Combat
  2447 | D:4      | Found a shimmering altar of Xom.
  2525 | D:4      | Reached skill level 8 in Unarmed Combat
  2526 | D:4      | Reached XP level 7. HP: 59/61 MP: 6/6
  2845 | D:5      | Entered Level 5 of the Dungeon
  3066 | D:5      | Noticed Ijyb
  3074 | D:5      | Killed Ijyb
  3075 | D:5      | Reached skill level 9 in Unarmed Combat
  3200 | D:5      | Noticed Dowan
  3201 | D:5      | Noticed Duvessa
  3218 | D:5      | Killed Duvessa
  3219 | D:5      | Reached skill level 10 in Unarmed Combat
  3219 | D:5      | Reached XP level 8. HP: 59/68 MP: 7/7
  3220 | D:5      | Killed Dowan
  3255 | D:5      | Noticed Blork the orc
  3263 | D:5      | Killed Blork the orc
  3337 | D:5      | Found a staircase to the Ecumenical Temple.
  3792 | D:6      | Noticed Menkaure
  3800 | D:6      | Killed Menkaure
  3801 | D:6      | Reached skill level 11 in Unarmed Combat
  3888 | D:6      | Found a snail-covered altar of Cheibriados.
  4166 | D:6      | Found an ornate altar of the Wu Jian Council.
  4199 | D:6      | Found an iron altar of Okawaru.
  4310 | D:6      | Found a shimmering blue altar of Sif Muna.
  4435 | D:6      | Found a shadowy altar of Dithmenos.
  4471 | D:6      | Became a worshipper of Warmaster Okawaru
  4509 | D:6      | Found a broken altar of Ashenzari.
  4645 | D:6      | Noticed Eustachio
  4704 | D:6      | Killed Eustachio
  4705 | D:6      | Reached skill level 12 in Unarmed Combat
  4775 | D:7      | Reached XP level 9. HP: 51/75 MP: 8/8
  4825 | D:7      | Noticed Joseph
  4841 | D:7      | Reached * piety under Okawaru
  4846 | D:7      | Killed Joseph
  5176 | D:7      | Reached skill level 13 in Unarmed Combat
  5370 | D:7      | Found Sexew's Jewellery Boutique.
  5849 | D:8      | Reached ** piety under Okawaru
  5853 | D:8      | Reached skill level 14 in Unarmed Combat
  5859 | D:8      | Reached XP level 10. HP: 70/83 MP: 9/9
  6350 | D:8      | Reached *** piety under Okawaru
  6642 | D:9      | Found a runed translucent gate.
  6642 | D:9      | Found a runed translucent gate.
  6644 | D:9      | Found a runed translucent gate.
  6647 | D:9      | Noticed Palms's ghost (novice DgFE)
  6651 | D:9      | Found a viscous altar of Jiyva.
  6690 | D:9      | Reached skill level 15 in Unarmed Combat
  6700 | D:9      | Noticed a two-headed ogre
  6834 | D:9      | Noticed a rust devil
  6855 | D:9      | Noticed a sun demon
  6968 | D:9      | Found a staircase to the Lair.
  6988 | D:9      | Reached skill level 16 in Unarmed Combat
  6988 | D:9      | Reached **** piety under Okawaru
  7031 | D:9      | Noticed Erolcha
  7043 | D:9      | Killed Erolcha
  7087 | D:9      | Reached ***** piety under Okawaru
  7213 | D:9      | Reached XP level 11. HP: 58/89 MP: 10/10
  7376 | D:9      | Noticed a sixfirhy
  7381 | D:9      | Reached skill level 17 in Unarmed Combat
  7691 | D:9      | Found a bloodstained altar of Trog.
  7791 | D:10     | Entered Level 10 of the Dungeon
  7800 | D:10     | Identified the +2 mace of Beito {elec, Str+2}
  7834 | D:10     | Found a hazy altar of Hepliaklqana.
  7894 | D:10     | Found a glowing golden altar of the Shining One.
  8070 | D:10     | Found a staircase to the Orcish Mines.
  8511 | D:11     | Found a runed translucent door.
  8511 | D:11     | Noticed Bediveer's ghost (journeyman DrSh)
  8583 | D:11     | Noticed Harold
  8606 | D:11     | HP: 5/133 [acid dragon (2)]
  8607 | D:11     | HP: 2/133 [vampire mosquito (2)]
  8608 | D:11     | Slain by a vampire mosquito

Illustrated notes

Levels and vault maps discovered:
D:1:      enne_arrival_octagon_isle, layout_rooms
D:2:      layout_basic, uniq_terence, uniq_jessica, uniq_crazy_yiuf_cottage
D:3:      layout_loops_ring, minmay_misc_feat_chi
D:4:      layout_cave_pods, vehumet_crystals, mainiacjoe_overflow_paths,
          kennysheep_little_box, xom_teletrap_fun, grunt_ministairs_10,
          minmay_crystal_room, nicolae_stop_n_shop_2,
          hangedman_abyss_or_decor_slice, minmay_ogre_servants
D:5:      layout_layer_cave, temple_statues, uniq_ijyb, uniq_duvessa,
          uniq_blork_the_orc
D:6:      layout_basic, led_sif_pool, lemuel_tele_altar,
          mainiacjoe_overflow_swirl, mainiacjoe_overflow_catch_the_wave,
          nicolae_the_louvre, uniq_menkaure, uniq_eustachio
D:7:      layout_layer_cave, serial_shops, nicolae_shop_gaudy_bauble,
          minmay_misc_feat_rows, uniq_joseph
D:8:      statuecave_lemuel, layout_basic
D:9:      layout_loops_cross, lightli_temple_of_fire, erik_lair_orcish_takeover,
          serial_rivers, chequers_serial_rivers_small_a,
          chequers_serial_rivers_small_3, chequers_serial_rivers_small_3,
          chequers_serial_rivers_room_b, chequers_serial_rivers_large_b,
          chequers_serial_rivers_small_a, gammafunk_ghost_ooze,
          onia_ninara_dug_in_and_dangerous, uniq_erolcha
D:10:     layout_irregular_city, general_overflow_altar,
          mainiacjoe_overflow_boulevard, david_orc_3
D:11:     layout_long_grid, hellmonk_ghost_happy_afterlife, uniq_harold

Skill      XL: |  1  2  3  4  5  6  7  8  9 10 11 |
---------------+----------------------------------+-----
Unarmed Combat | 4 5 6 8 10 12 14 16 17 | 17.2
Fighting       | |  0.7
Dodging        | |  1.5
Shapeshifting  | |  3.0

Action                     |  1- 3 |  4- 6 |  7- 9 | 10-12 || total
---------------------------+-------+-------+-------+-------++-------
  Melee: Unarmed           |    74 |    96 |   212 |   184 ||   566
         Punch             |       |     3 |    15 |    22 ||    40
    Use: Scroll            |       |       |     4 |     6 ||    10
         Potion            |       |       |       |     2 ||     2
   Stab: Sleeping          |     1 |     3 |       |       ||     4
 Armour: Animal skin       |    20 |    21 |    15 |       ||    56
         Skin              |       |     2 |       |     9 ||    11
         Robe              |       |       |    44 |    34 ||    78
  Dodge: Dodged            |    24 |    42 |    75 |    78 ||   219
         Form:             |       |     1 |       |       ||     1
         Beast             |       |     1 |       |       ||     1

Table legend: (Time is in decaauts)
 A = Elapsed time spent in this place.
 B = Non-inter-level travel time spent in this place.
 C = Inter-level travel time spent in this place.
 D = Time resting spent in this place.
 E = Time spent auto-exploring this place.
 F = Levels seen in this place.
 G = Mean time per level.
                   A        B        C        D        E       F      G
               +--------+--------+--------+--------+--------+-----+--------+
         Total |   8495 |   8121 |    374 |     60 |   6861 |  11 |  772.3 |
       Dungeon |   8495 |   8121 |    374 |     60 |   6861 |  11 |  772.3 |
               +--------+--------+--------+--------+--------+-----+--------+

Top non-repeatable levels by time:
     D:9: 1117 daAuts
     D:7: 1041 daAuts
     D:6: 1020 daAuts
     D:2: 891 daAuts
     D:5: 857 daAuts
     D:4: 846 daAuts
     D:8: 819 daAuts
    D:10: 705 daAuts
     D:3: 618 daAuts
     D:1: 478 daAuts
    D:11: 97 daAuts
